 Dungeon Crawl Stone Soup version 0.30-a0-715-gdb4ae3ece1 (webtiles) character file.

Game seed: 12497134369098496365

42 IdlyInterested the Slasher (level 3, -2/27 HPs)
             Began as a Demonspawn Gladiator on Jan 24, 2023.
             Slain by Terence
             ... wielding a +0 trident
              (9 damage)
             ... on level 2 of the Dungeon.
             The game lasted 00:06:08 (1442 turns).

IdlyInterested the Slasher (Demonspawn Gladiator)   Turns: 1442, Time: 00:06:08

Health: -2/27      AC:  8    Str: 14    XL:     3   Next: 35%
Magic:  3/3        EV: 10    Int:  9    God:
Gold:   69         SH:  0    Dex: 16    Spells: 2/2 levels left

rFire   . . .      SeeInvis .    a - +1 long sword
rCold   . . .      Faith    .    (no shield)
rNeg    . . .      Spirit   .    b - +0 scale mail
rPois   .          Reflect  .    c - +0 helmet
rElec   .          Harm     .    (no cloak)
rCorr   .          Rampage  .    (no gloves)
Will    .....                    f - +0 pair of boots
Stlth   +                        (no amulet)
HPRegen 0.24/turn                (no ring)
MPRegen 0.08/turn                (no ring)

@: no status effects
A: claws 1, powered by pain 1
a: no special abilities


You were on level 2 of the Dungeon.
You visited 1 branch of the dungeon, and saw 2 of its levels.

You collected 69 gold pieces.

Inventory:

Hand Weapons
 a - a +1 long sword (weapon)
 g - a +2 dagger of flaming
Missiles
 d - 3 throwing nets
 e - a javelin
 h - 7 poisoned darts
 i - 8 stones
 r - 4 boomerangs (quivered)
Armour
 b - a +0 scale mail (worn)
 c - a +0 helmet (worn)
 f - a +0 pair of boots (worn)
 k - a +0 ring mail
 n - a +0 helmet
Scrolls
 j - 2 scrolls of fear {unknown}
 l - a scroll of fog {unknown}
 p - a scroll of magic mapping {unknown}
 q - a scroll of amnesia {unknown}
 t - a scroll of identify {unknown}
 u - a scroll of enchant armour {unknown}
Potions
 m - a potion of attraction {unknown}
 o - 2 potions of might {unknown}
 s - a potion of haste {unknown}


   Skills:
 - Level 2.0 Fighting
 * Level 3.4 Long Blades
 - Level 2.0 Throwing
 - Level 2.6 Dodging
 * Level 1.8 Stealth


You had 2 spell levels left.
You didn't know any spells.
Your spell library contained the following spells:

 Spells                   Type           Power      Damage    Failure   Level
 Apportation              Tloc           0%         N/A       88%         1
 Alistair's Intoxication  Tmut/Pois      0%         N/A       100%        5


Dungeon Overview and Level Annotations

Branches:
Dungeon (2/15)

Altars:

Annotations:
D:2 Terence


Innate Abilities, Weirdness & Mutations

You have sharp fingernails.
You sometimes gain a little power by taking damage.


Message History

The goblin completely misses you.
You closely miss the goblin. The goblin hits you but does no damage.
You barely miss the goblin. The goblin hits you but does no damage.
You slash the goblin!
You kill the goblin!
You see here a +0 club.
Found a spear.
You see here a +0 spear.
Terence the Incautious comes into view.
He is wielding a +0 trident.
Terence shouts!
Terence hits you but does no damage.
You hit Terence.
Terence is moderately wounded.
Terence barely misses you.
You hit Terence but do no damage.
Terence is moderately wounded.
Terence hits you with a +0 trident!
You hit Terence.
Terence is heavily wounded.
Terence hits you with a +0 trident!
You barely miss Terence.
Terence is heavily wounded.
Terence says, "Did you write a will?
You should..."
Terence hits you with a +0 trident.
* * * LOW HITPOINT WARNING * * *
You slash Terence!
Terence is almost dead.
Terence hits you with a +0 trident.
* * * LOW HITPOINT WARNING * * *
Terence barely misses you.
You closely miss Terence.
Terence is almost dead.
Terence closely misses you.
You barely miss Terence.
Terence is almost dead.
Terence hits you but does no damage.
You barely miss Terence.
Terence is almost dead.
Terence hits you with a +0 trident!
You die...

#...........#.
#.#
#......#######
#.###......#
#.#.)......+
#.#.####...#
#.#.# #####
#.#.# #@#.#
#@#.# #.#.#
#.#.# #.#.#
#.#.# ##.#.#
#..#.# #.##.#
#....#


You could see Terence.

Vanquished Creatures
  2 worms (D:2)
  A dart slug (D:1)
  3 bats (D:1)
  7 endoplasms
  2 giant cockroaches (D:1)
  A hobgoblin (D:2)
  A frilled lizard (D:1)
  5 goblins
  2 kobolds
  7 rats (D:1)
31 creatures vanquished.

Notes
Turn   | Place    | Note
-------+----------+-------------------------------------------
     0 | D:1      | IdlyInterested the Demonspawn Gladiator began the quest for
                  | the Orb.
     0 | D:1      | Reached XP level 1. HP: 16/16 MP: 1/1
   100 | D:1      | Reached skill level 3 in Long Blades
   108 | D:1      | Gained mutation: You sometimes gain a little power by
                  | taking damage. [demonic ancestry]
   108 | D:1      | Reached XP level 2. HP: 16/22 MP: 2/2
   499 | D:1      | Reached skill level 1 in Stealth
   843 | D:2      | Gained mutation: You have sharp fingernails. [demonic
                  | ancestry]
   843 | D:2      | Reached XP level 3. HP: 19/27 MP: 3/3
  1431 | D:2      | Noticed Terence
  1442 | D:2      | Slain by Terence

Illustrated notes

Levels and vault maps discovered:
D:1:      dpeg_arrival_prison, layout_basic
D:2:      layout_basic, uniq_terence

Skill      XL: |  1  2 |
---------------+-------+-----
Throwing       | 2 |  2.0
Long Blades    | 3 |  3.4
Stealth        | 1 |  1.8
Fighting       | |  2.0
Dodging        | |  2.6

Action                     || total
---------------------------++-------
  Melee: Long sword        ||    81
         Punch             ||     1
  Throw: Stone             ||     6
         Boomerang         ||     3
    Use: Scroll            ||     5
 Armour: Leather armour    ||    16
         Ring mail         ||     8
         Scale mail        ||     8
  Dodge: Dodged            ||    43

Table legend: (Time is in decaauts)
 A = Elapsed time spent in this place.
 B = Non-inter-level travel time spent in this place.
 C = Inter-level travel time spent in this place.
 D = Time resting spent in this place.
 E = Time spent auto-exploring this place.
 F = Levels seen in this place.
 G = Mean time per level.
                   A        B        C        D        E       F      G
               +--------+--------+--------+--------+--------+-----+--------+
         Total |   1462 |   1331 |    131 |    102 |    806 |   2 |  731.0 |
       Dungeon |   1462 |   1331 |    131 |    102 |    806 |   2 |  731.0 |
               +--------+--------+--------+--------+--------+-----+--------+

Top non-repeatable levels by time:
     D:1: 972 daAuts
     D:2: 490 daAuts
